 Dungeon Crawl Stone Soup version 0.29.1-12-g30fa7ad0bf (webtiles) character file.

Game seed: 2800858489303511297

2368 Gabide the Trooper (level 9, -2/74 HPs)
             Began as a Mummy Berserker on Dec 16, 2022.
             Was an Elder of Trog.
             Slain by a troll (9 damage)
             ... on level 8 of the Dungeon.
             The game lasted 00:11:16 (11343 turns).

Gabide the Trooper (Mummy Berserker)               Turns: 11343, Time: 00:11:16

Health: -2/74      AC:  6    Str: 24    XL:     9   Next: 21%
Magic:  9/9        EV: 13    Int:  6    God:    Trog [****..]
Gold:   378        SH:  0    Dex: 12    Spells: 8/8 levels left

rFire   x . .      SeeInvis .     - Unarmed
rCold   + . .      Faith    +   (no shield)
rNeg    + + +      Spirit   .   g - +0 ring mail
rPois   ∞          Reflect  .   (no helmet)
rElec   .          Harm     .   b - +0 cloak
rCorr   .          Rampage  .   (no gloves)
Will    +....                   (no boots)
Stlth   +.........              d - amulet of faith
HPRegen 0.22/turn               (no ring)
MPRegen 0.11/turn               (no ring)

@: no status effects
A: cold resistance 1, negative energy resistance 3, torment resistance 2, heat
vulnerability 1, in touch with death 1, no potions
a: Renounce Religion, Trog's Hand, Brothers in Arms


You were on level 8 of the Dungeon.
You worshipped Trog.
Trog was greatly pleased with you.
You visited 1 branch of the dungeon, and saw 8 of its levels.
You also visited: Sewer.

You collected 378 gold pieces.

Inventory:

Hand Weapons
 a - a +2 dagger of venom
Missiles
 m - 2 curare-tipped darts (quivered)
Armour
 b - a +0 cloak (worn)
 g - a +0 ring mail (worn)
Jewellery
 d - an amulet of faith (around neck)
 q - a ring of flight
Scrolls
 c - 4 scrolls of immolation
 e - 2 scrolls of vulnerability
 h - a scroll of silence {unknown}
 j - 2 scrolls of fog
 k - 4 scrolls of teleportation
 l - 2 scrolls of torment
 n - a scroll of noise {unknown}
 p - a scroll of brand weapon {unknown}


   Skills:
 + Level 7.8 Fighting
 - Level 1.5 Armour
 + Level 6.1 Dodging
 + Level 6.4 Unarmed Combat


You had 8 spell levels left.
You didn't know any spells.
Your spell library was empty.

Dungeon Overview and Level Annotations

Branches:
Dungeon (8/15)             Temple (0/1) D:6           Sewer (visited)
   Lair: D:8-11

Altars:
Dithmenos
Fedhas
Kikubaaqudgha
Ru
Yredelemnul

Shops:
D:1 (

Annotations:
D:4 1 runed translucent door, ipijda's ghost, amateur DrEE


Innate Abilities, Weirdness & Mutations

You are immune to poison.
Your flesh is cold resistant. (rC+)
You are immune to negative energy. (rN+++)
You are immune to unholy pain and torment.
You are vulnerable to heat. (rF-)
You are in touch with the powers of death.
You do not drink.


Message History

You hit the troll.
The troll is severely wounded.
The troll bites you! The troll misses you. x2
You punch the troll!
The troll is almost dead.
The troll bites you. The troll claws you! The troll barely misses you.
You barely miss the troll.
The troll is almost dead.
The troll bites you! The troll claws you!
* * * LOW HITPOINT WARNING * * *
The troll claws you!
* * * LOW HITPOINT WARNING * * *
You are too injured to fight recklessly!
You are too injured to fight recklessly!
You are too injured to fight recklessly!
You are too injured to fight recklessly!
You are too injured to fight recklessly!
You are too injured to fight recklessly!
You are too injured to fight recklessly!
You are too injured to fight recklessly!
You are too injured to fight recklessly!
You are too injured to fight recklessly!
You are too injured to fight recklessly!
You are too injured to fight recklessly!
You are too injured to fight recklessly!
You are too injured to fight recklessly!
You are too injured to fight recklessly!
You are too injured to fight recklessly!
You are too injured to fight recklessly!
Throw: 3 darts (curare)
Press: ? - help, Q - select action, (/) - cycle Shift-Dir - straight line, f/p - troll
Aim: a troll (almost dead, 60% to hit)
You throw a curare-tipped dart.
The curare-tipped dart closely misses the troll.
The curare-tipped dart hits the hound.
The hound looks even sicker.
The hound convulses.
You kill the hound!
Trog accepts your kill. The troll bites you!
You die...

.......#.##.#.# ≈≈.....
..........#...# ≈~~~~..
#####........# ..hh...
####.#####..#####.###
≈≈~≈~$.
#....................
≈≈≈≈S..
#.##.#####..#.....###
≈≈~~..(###....#............#
.~..........###.######.###.#
..~.....(...T@..# #.....#
..~.....##.###..## #.#.#####
........##.# #...# #........
##....#.##.# ##..# ###.#####
######.##.####..# #.#
#.##.......# #.#
#.........## #####.#
#.######### #<....# #.#
#####.#


You could see a troll.

Vanquished Creatures
  A hornet (D:7)
  Prince Ribbit (D:7)
  2 black bears (D:5)
  An ogre (D:6)
  A wolf (D:8)
  A centaur (D:5)
  2 phantoms (D:5)
  2 bullfrogs
  2 scorpions
  4 wights (D:7)
  7 jellies
  7 hounds
  A gnoll bouda (D:6)
  2 orc priests (D:6)
  Ijyb (D:3)
  2 iguanas
  3 orc wizards
  3 gnolls
  9 adders
  3 shadow imps
  4 white imps
  2 ufetubi (D:5)
  4 worms
  2 dart slugs
  20 orcs
  18 endoplasms
  2 giant cockroaches (Sewer)
  5 goblins
  6 hobgoblins
  7 kobolds
  4 quokkas
  13 ball pythons
  8 bats
  8 frilled lizards
  8 rats
  A spectral orc (D:3)
167 creatures vanquished.

Vanquished Creatures (others)
  5 fungi (D:3)
5 creatures vanquished.

Grand Total: 172 creatures vanquished

Notes
Turn   | Place    | Note
-------+----------+-------------------------------------------
     0 | D:1      | Gabide the Mummy Berserker began the quest for the Orb.
     0 | D:1      | Reached XP level 1. HP: 18/18 MP: 1/1
   577 | D:1      | Reached XP level 2. HP: 24/24 MP: 2/2
   601 | D:1      | Found Aprok's Antique Weapon Boutique.
  1823 | D:2      | Gained mutation: You are in touch with the powers of death.
                  | [Mummy growth]
  1823 | D:2      | Reached XP level 3. HP: 29/29 MP: 3/3
  1925 | D:2      | Reached ** piety under Trog
  2060 | D:2      | You fall into a shaft and drop 1 floor!
  2233 | D:2      | Reached XP level 4. HP: 36/37 MP: 4/4
  2644 | D:3      | Noticed Ijyb
  2648 | D:3      | Paralysed by Ijyb for 4 turns
  2667 | D:3      | Killed Ijyb
  2668 | D:3      | Reached skill level 4 in Fighting
  2851 | D:3      | Reached XP level 5. HP: 33/42 MP: 5/5
  3423 | D:3      | Found a basalt altar of Yredelemnul.
  3574 | D:4      | Noticed ipijda's ghost (amateur DrEE)
  3577 | D:4      | Found a runed translucent door.
  3600 | D:4      | Found a glowing drain.
  3609 | Sewer    | Entered a sewer
  3750 | Sewer    | Reached *** piety under Trog
  4498 | Sewer    | Reached XP level 6. HP: 48/49 MP: 6/6
  4504 | Sewer    | Found a viscous altar of Jiyva.
  4631 | Sewer    | Identified the +2 flail of the Whelk {venom, *Corrode
                  | Dex+8}
  5572 | D:4      | Reached skill level 5 in Fighting
  5954 | D:5      | Entered Level 5 of the Dungeon
  5959 | D:5      | Reached XP level 7. HP: 55/56 MP: 7/7
  5969 | D:5      | Reached **** piety under Trog
  6810 | D:5      | Reached skill level 6 in Fighting
  6818 | D:5      | Reached skill level 5 in Unarmed Combat
  7088 | D:5      | Reached XP level 8. HP: 63/64 MP: 8/8
  7903 | D:6      | Found an ancient bone altar of Kikubaaqudgha.
  8254 | D:6      | Found a staircase to the Ecumenical Temple.
  8353 | D:5      | Reached skill level 5 in Dodging
  9376 | D:6      | Found a blossoming altar of Fedhas.
  9689 | D:7      | Noticed a hornet
  9692 | D:7      | Found a shadowy altar of Dithmenos.
  9698 | D:7      | Killed a hornet
  9699 | D:7      | Reached skill level 7 in Fighting
  9842 | D:7      | Found a sacrificial altar of Ru.
 10098 | D:7      | Noticed Prince Ribbit
 10126 | D:7      | Killed Prince Ribbit
 10127 | D:7      | Reached XP level 9. HP: 10/72 MP: 9/9
 11321 | D:8      | Noticed a troll
 11343 | D:8      | Slain by a troll

Illustrated notes

Levels and vault maps discovered:
D:1:      amcnicky_arrival_feature_with_door, layout_rooms,
          serial_co_window_serial, co_window_corner_a, co_window_corner_a,
          co_window_cross_1, co_window_paths_a, co_window_corner_a,
          co_window_paths_c, co_window_broadway_a, co_window_broadway_c,
          co_window_unsneaky_path_a, co_window_unsneaky_path_b,
          co_window_corner_b, glass_columns_b, glass_columns_a, glass_columns_b,
          glass_columns_c, serial_shops, shop, minmay_heptomino_w4
D:2:      layout_rooms, serial_glass, glass_columns_c, glass_columns_b,
          feat_on_display, due_unseen_surprise, corexii_shack,
          kennysheep_cross_room
D:3:      layout_basic, yredelemnul_forgotten_temple_becter,
          dreamdust_mushroom_princess, corexii_item_surrounded_by_moat,
          grunt_decor_junction, chequers_serial_rivers_micro_a, feat_on_display,
          uniq_ijyb
D:4:      layout_loops_ring, hellmonk_ghost_happy_afterlife,
          cheibrodos_sewer_entry_sluice, wad_orctagon
D:5:      layout_loops_ring
D:6:      layout_loops_ring, mainiacjoe_overflow_brackets,
          gammafunk_temple_overflow_wave, temple_hall
D:7:      layout_basic, lemuel_round_altar, lemuel_tele_altar,
          uniq_prince_ribbit1
D:8:      layout_basic, lightli_temple_of_fire, erik_lair_island,
          kennysheep_small_square

Skill      XL: |  1  2  3  4  5  6  7  8  9 |
---------------+----------------------------+-----
Dodging        | 2 3 4 5 6 |  6.1
Unarmed Combat | 3 4 5 6 |  6.4
Fighting       | 4 5 6 7 |  7.8
Armour         | |  1.5

Action                   |  1- 3 |  4- 6 |  7- 9 || total
-------------------------+-------+-------+-------++-------
Melee: Unarmed           |    97 |       |    83 ||   180
       Punch             |     5 |     6 |     5 ||    16
       Dagger            |    43 |   303 |   212 ||   558
Throw: Dart              |     2 |       |    14 ||    16
Invok: Trog's Hand       |       |     1 |     1 ||     2
Evoke: Wand              |       |     4 |    12 ||    16
  Use: Scroll            |       |     8 |     4 ||    12
 Stab: Paralysed         |       |     3 |     4 ||     7
Armor: Leather armour    |    10 |       |       ||    10
       Animal skin       |     3 |       |       ||     3
       Ring mail         |    25 |    97 |   100 ||   222
Dodge: Dodged            |    84 |   155 |   185 ||   424
